 Dungeon Crawl Stone Soup version 0.19-a0-1097-g38e3b35 (webtiles) character file.

114 Leszczynek the Cudgeler (level 4, -2/44 HPs)
             Began as an Ogre Earth Elementalist on Aug 8, 2016.
             Was a Follower of Hepliaklqana.
             Slain by a giant frog skeleton (5 damage)
             ... on level 4 of the Dungeon.
             The game lasted 00:14:18 (1646 turns).

Leszczynek the Cudgeler (Ogre Earth Elementalist)   Turns: 1646, Time: 00:14:19

Health: -2/44      AC:  3    Str: 14    XL:     4   Next: 98%
Magic:  7/7        EV: 10    Int: 12    God:    Hepliaklqana [*.....]
Gold:   63         SH:  0    Dex: 10    Spells: 2 memorised, 4 levels left

rFire  . . .     SeeInvis .     a - +0 whip (elec)
rCold  . . .     Gourm    .     d - +0 robe
rNeg   . . .     Faith    .     (no shield)
rPois  +         Spirit   .     (helmet restricted)
rElec  .         Dismiss  .     (no cloak)
rCorr  .         Reflect  .     (gloves unavailable)
SustAt .         Harm     .     (boots unavailable)
MR     .....                    (no amulet)
Stlth  +.........               (no ring)
                                j - -2 ring of intelligence (curse)

@: very slightly contaminated
A: unfitting armour, poison resistance, tough skin 1, evolution 1
a: Recall Ancestor, Ancestor Identity, Renounce Religion


You were on level 4 of the Dungeon.
You worshipped Hepliaklqana.
Hepliaklqana was aware of your devotion.
You were not hungry.

You visited 1 branch of the dungeon, and saw 4 of its levels.

You collected 63 gold pieces.

Inventory:

Hand Weapons
 a - a +0 whip of electrocution (weapon)
 e - a +0 hunting sling
Missiles
 b - 20 stones (quivered)
Armour
 d - a +0 robe (worn)
Jewellery
 j - a cursed -2 ring of intelligence (left hand)
Wands
 l - a wand of lightning (4/15)
Scrolls
 h - a scroll of enchant armour {unknown}
 k - a scroll of identify {unknown}
Comestibles
 c - 2 bread rations
 f - 2 fruits
 i - a meat ration


   Skills:
 - Level 2.4 Fighting
 * Level 5.1 Maces & Flails
 - Level 1.7 Dodging
 - Level 1.5 Stealth
 - Level 2.4 Spellcasting
 - Level 0.6 Transmutations
 - Level 2.1 Earth Magic


You had 4 spell levels left.
You knew the following spells:

 Your Spells              Type           Power        Failure   Level  Hunger
a - Sandblast             Erth           #.....       12%         1    ##.....
b - Passwall              Tmut/Erth      #.........   21%         2    ###....


Dungeon Overview and Level Annotations

Branches:
Dungeon (4/15)
 Temple: D:4-7

Altars:
Dithmenos
Hepliaklqana
Makhleb
Nemelex Xobeh
Okawaru
Xom

Annotations:
D:3 HaroldButt's ghost, amateur GrEE
D:4 Pikel


Innate Abilities, Weirdness & Mutations

You are too large for most types of armour.
You have tough skin. (AC +1)
Your system is resistant to poisons. (rPois)
You evolve.


Message History

It was a scroll of blinking.
Something barely misses Belshunu.
Belshunu barely misses Pikel.
Unknown command.
A slave comes into view.
Found 11 gold pieces.
The giant frog skeleton hits you.
* * * LOW HITPOINT WARNING * * *
Unknown command.
Evoke which item? (* to show all) (? for menu, Esc to quit)
Zapping:
l - a wand of lightning (will waste charges)
Press: ? - help, Shift-Dir - straight line You hear a mighty clap of thunder!
The bolt of lightning hits the giant frog skeleton.
The giant frog skeleton is severely damaged.
The bolt of lightning hits the giant frog skeleton.
The giant frog skeleton is almost destroyed.
Evoking this partially-identified wand wasted a few charges.
You hear an angry hiss.
You hear a howl!
The giant frog skeleton hits you.
You die...

#. ...#.# #.
#....#.... #..
#....#!#.#
#.#####.###...##.#h#
#.$.@.#.$....# #.#.#
#####Z# #.#.#
##.#.##
####.###...###.....#
#....KpK.......p.#.#
#.##.####.##.#K.R§.#
# #.####.##.##.####
###.##............#
.............##.####
####.##.#.#####.#


You could see Pikel and a giant frog skeleton.

Vanquished Creatures
  3 gnolls
  2 adders (D:2)
  An ooze (D:1)
  2 dart slugs (D:2)
  A giant gecko (D:1)
  3 giant cockroaches
  4 goblins
  4 hobgoblins
  4 jackals
  A kobold (D:1)
  2 ball pythons (D:1)
  3 bats
  2 giant newts (D:1)
  2 rats
34 creatures vanquished.

Vanquished Creatures (collateral kills)
  A slave (D:4)
  2 gnolls (D:3)
  A quokka (D:2)
  A bat (D:1)
5 creatures vanquished.

Vanquished Creatures (others)
  7 ancestors
7 creatures vanquished.

Grand Total: 46 creatures vanquished

Notes
Turn   | Place    | Note
-------+----------+-------------------------------------------
     0 | D:1      | Leszczynek the Ogre Earth Elementalist began the quest for the Orb.
     0 | D:1      | Reached XP level 1. HP: 16/16 MP: 3/3
    49 | D:1      | Reached skill level 1 in Fighting
    70 | D:1      | Reached skill level 2 in Fighting
    87 | D:1      | Reached XP level 2. HP: 23/28 MP: 0/5
   160 | D:1      | woo
   163 | D:1      | Learned a level 2 spell: Passwall
   187 | D:2      | now a god
   191 | D:2      | Found a shimmering altar of Xom.
   194 | D:2      | Found a sparkling altar of Nemelex Xobeh.
   198 | D:2      | Found a burning altar of Makhleb.
   198 | D:2      | Found a hazy altar of Hepliaklqana.
   203 | D:2      | hm
   203 | D:2      | Found a shadowy altar of Dithmenos.
   206 | D:2      | Became a worshipper of Hepliaklqana
   227 | D:2      | Found an iron altar of Okawaru.
   282 | D:2      | phew
   326 | D:1      | Reached skill level 1 in Maces & Flails
   491 | D:2      | Reached skill level 2 in Maces & Flails
   502 | D:2      | Reached XP level 3. HP: 13/36 MP: 6/6
   663 | D:1      | Reached skill level 3 in Maces & Flails
   787 | D:3      | Noticed HaroldButt's ghost (amateur GrEE)
   949 | D:2      | Reached XP level 4. HP: 29/44 MP: 0/7
   953 | D:2      | Reached skill level 4 in Maces & Flails
  1137 | D:3      | Reached * piety under Hepliaklqana
  1222 | D:3      | "speed"run
  1233 | D:3      | and he magically caught up
  1233 | D:3      | of course
  1438 | D:4      | Noticed a slave
  1438 | D:4      | Noticed a slave
  1455 | D:4      | oh come on
  1461 | D:4      | Reached skill level 5 in Maces & Flails
  1482 | D:4      | Gained mutation: Your system is resistant to poisons. (rPois) [potion of mutation]
  1482 | D:4      | Gained mutation: You evolve. [potion of mutation]
  1506 | D:4      | Noticed Pikel
  1568 | D:4      | Killed a slave
  1596 | D:4      | """"""""speed"""""""run
  1618 | D:4      | Noticed a slave
  1637 | D:4      | Noticed a slave
  1645 | D:4      | HP: 3/44 [giant frog skeleton (4)]
  1646 | D:4      | Slain by a giant frog skeleton

Vault maps used:
D:1:      elethiomel_arrival_maze
D:2:      minitemple, first_bread, okawaru_metal_pillars_1_2
D:3:      evilmike_ruin_ashenzari, gammafunk_pakellas_spire_experiment,
          marbit_many_paths
D:4:      uniq_pikel

Skill      XL: |  1  2  3  4 |
---------------+-------------+-----
Fighting       | 2 |  2.4
Maces & Flails | 2 3 5 |  5.1
Dodging        | |  1.7
Stealth        | |  1.5
Spellcasting   | |  2.4
Transmutations | |  0.6
Earth Magic    | |  2.1

Action                   |  1- 3 |  4- 6 || total
-------------------------+-------+-------++-------
Melee: Unarmed           |    24 |       ||    24
       Whip              |    52 |    32 ||    84
 Cast: Sandblast         |    21 |    14 ||    35
Invok: Recall Ancestor   |     5 |     1 ||     6
Evoke: Wand              |       |     1 ||     1
  Use: Potion            |       |     2 ||     2
       Scroll            |       |     1 ||     1
 Stab: Sleeping          |     1 |       ||     1
  Eat: Fruit             |     1 |     1 ||     2
       Chunk             |       |     2 ||     2
Armor: Robe              |    35 |    13 ||    48
Dodge: Dodged            |    42 |    30 ||    72
